 Dungeon Crawl Stone Soup version 0.23-a0-350-g6fd5563 (webtiles) character file.

1568 tilp the Magician (level 8, -5/60 HPs)
             Began as a Merfolk Ice Elementalist on Oct 20, 2018.
             Was a Believer of Makhleb.
             Slain by an orc warrior
             ... wielding a +0 hand axe of venom
              (11 damage)
             ... on level 6 of the Dungeon.
             The game lasted 00:17:25 (6965 turns).

tilp the Magician (Merfolk Ice Elementalist)        Turns: 6965, Time: 00:17:26

Health: -5/60      AC: 10    Str: 16 (18) XL:     8   Next: 90%
Magic:  17/17      EV: 15    Int: 13 (16) God:    Makhleb [**....]
Gold:   309        SH:  0    Dex: 12 (14) Spells: 13/19 levels left

rFire    x . .     SeeInvis .   t - +2 dagger (venom)
rCold    + . .     Gourm    .   (no shield)
rNeg     . . .     Faith    .   a - +1 robe
rPois    .         Spirit   .   (no helmet)
rElec    .         Reflect  .   (no cloak)
rCorr    .         Harm     .   (no gloves)
MR       .....                  (no boots)
Stlth    +.........             (no amulet)
HPRegen  0.20/turn              y - ring of ice
MPRegen  0.15/turn              k - +4 ring of strength

@: confused, mighty, lethally poisoned (-5 -> -35), icy armour
A: change form in water, swift swim, stealthy swim
a: Minor Destruction, Renounce Religion


You were on level 6 of the Dungeon.
You worshipped Makhleb.
Makhleb was pleased with you.
You were hungry.

You visited 1 branch of the dungeon, and saw 6 of its levels.

You collected 309 gold pieces.

Inventory:

Hand Weapons
 b - a +2 hunting sling of freezing
 e - a +2 short sword of freezing
 l - a +1 spear
 r - a +0 trident
 s - a +2 dagger of protection
 t - a +2 dagger of venom (weapon)
Missiles
 g - 236 stones (quivered)
 u - 14 sling bullets
Armour
 a - a +1 robe (worn)
Jewellery
 k - a +4 ring of strength (right hand)
 o - a +3 ring of strength
 y - a ring of ice (left hand)
Wands
 d - a wand of disintegration (19)
Scrolls
 i - 5 scrolls of teleportation
 p - 2 scrolls of enchant armour
 x - a scroll of enchant weapon
Potions
 f - 3 potions of agility
 h - 3 potions of berserk rage
 j - a potion of heal wounds
 m - a potion of ambrosia
 z - a potion of invisibility {unknown}
Comestibles
 c - 14 rations
 w - a chunk of flesh


   Skills:
 - Level 4.0 Fighting
 - Level 6.0 Dodging
 - Level 2.1 Stealth
 - Level 6.3 Spellcasting
 + Level 1.9 Conjurations
 + Level 2.1 Charms
 - Level 6.0 Ice Magic
 + Level 2.1 Invocations
 + Level 1.9 Evocations


You had 13 spell levels left.
You knew the following spells:

 Your Spells              Type           Power        Failure   Level  Hunger
a - Freeze                Ice            ####         1%          1    None
b - Throw Frost           Conj/Ice       ###...       4%          2    #......
c - Ozocubu's Armour      Chrm/Ice       ###.....     10%         3    ###....

Your spell library contained the following spells:

 Spells                   Type           Power        Failure   Level  Hunger
 Throw Icicle             Conj/Ice       ###.....     32%         4    ####...
 Summon Ice Beast         Ice/Summ       ###.....     43%         4    ####...


Dungeon Overview and Level Annotations

Branches:
Dungeon (6/15)             Temple (0/1) D:5

Altars:
Cheibriados
Dithmenos
Gozag
Makhleb
Nemelex Xobeh
Qazlal
Sif Muna
Vehumet
Zin

Annotations:
D:4 1 runed door


Message History

You feel very sick. The orc warrior closely misses you.
The orc priest hits you but does no damage.
You closely miss the orc priest.
The orc priest is heavily wounded.
You feel very sick. The orc warrior barely misses you.
The orc priest completely misses you.
It was a potion of degeneration.
There was something very wrong with that liquid.
You feel weakened.
You feel dopey.
You feel clumsy.
You feel very sick.
The orc warrior hits you with a +0 hand axe of venom!
* * * LOW HITPOINT WARNING * * *
The orc priest hits you.
* * * LOW HITPOINT WARNING * * *
It was a potion of might.
You feel very mighty all of a sudden.
* * * LOW HITPOINT WARNING * * *
You feel sick.
The orc warrior hits you with a +0 hand axe of venom!
You die...

......+.......#.............#
#......#.......#..............
#......#.......#..............
..... #..###.##.............#
#..###.######+###......
#..#............#......
#..'<.o((.......#......
#..##oo##..######...... #####.@#
..# #....##### #(.#
...o#....'...# ###### ####
...o#....#...# #....# #..#
..o##....#...#
####....######..######.....#####
....................[#.....'...#
.....................#.....#...#
###.##.######..###..#.....###'#
########.###########..#.....#...#


You could see an orc warrior, an orc priest and an orc.

Vanquished Creatures
  An orc warrior (D:5)
  An ice beast (D:6)
  A sky beast (D:5)
  An ogre (D:4)
  A big kobold (D:5)
  3 bullfrogs (D:6)
  2 scorpions
  3 vampire bats (D:3)
  3 crimson imps
  An orc priest (D:5)
  A jelly (D:5)
  4 orc wizards
  2 bullfrog skeletons (D:5)
  2 iguanas
  4 worker ants
  A hound skeleton (D:6)
  3 gnolls (D:2)
  7 adders
  2 adder skeletons (D:5)
  2 worms
  3 dart slugs
  4 leopard geckos
  17 orcs
  5 giant cockroaches
  6 hobgoblins
  17 jackals
  12 kobolds
  4 quokkas
  2 ball pythons (D:2)
  15 bats
  7 frilled lizards
  9 goblins
  A jackal zombie (D:5)
  A leopard gecko skeleton (D:5)
  A quokka zombie (D:5)
  8 rats
157 creatures vanquished.

Notes
Turn   | Place    | Note
-------+----------+-------------------------------------------
     0 | D:1      | tilp the Merfolk Ice Elementalist began the quest for the
                  | Orb.
     0 | D:1      | Reached XP level 1. HP: 13/13 MP: 3/3
   193 | D:1      | Reached XP level 2. HP: 19/19 MP: 1/5
   532 | D:1      | Reached XP level 3. HP: 24/24 MP: 6/6
   576 | D:1      | Learned a level 2 spell: Throw Frost
   580 | D:1      | Learned a level 3 spell: Ozocubu's Armour
   986 | D:2      | Reached skill level 5 in Ice Magic
  1108 | D:2      | Reached XP level 4. HP: 29/30 MP: 5/7
  2112 | D:2      | Reached XP level 5. HP: 21/36 MP: 0/8
  2358 | D:2      | Reached skill level 1 in Fighting
  2440 | D:2      | Found a sparkling altar of Nemelex Xobeh.
  2644 | D:3      | Found a snail-covered altar of Cheibriados.
  2645 | D:3      | Found a shadowy altar of Dithmenos.
  2652 | D:3      | Found a deep blue altar of Sif Muna.
  2652 | D:3      | Found a burning altar of Makhleb.
  2652 | D:3      | Found an opulent altar of Gozag.
  2653 | D:3      | Found a stormy altar of Qazlal.
  2655 | D:3      | Found a radiant altar of Vehumet.
  2660 | D:3      | Became a worshipper of Makhleb the Destroyer
  2681 | D:3      | Noticed a phantom
  3457 | D:3      | Reached XP level 6. HP: 46/48 MP: 5/9
  3526 | D:3      | Reached * piety under Makhleb
  3760 | D:4      | Found a runed door.
  3820 | D:4      | Reached skill level 5 in Dodging
  3820 | D:4      | Reached XP level 7. HP: 16/54 MP: 7/10
  4811 | D:5      | Entered Level 5 of the Dungeon
  5486 | D:5      | Found a staircase to the Ecumenical Temple.
  5624 | D:5      | Reached XP level 8. HP: 58/60 MP: 10/15
  5659 | D:5      | Reached skill level 5 in Spellcasting
  5746 | D:5      | Reached ** piety under Makhleb
  5970 | D:6      | Reached skill level 1 in Conjurations
  6180 | D:6      | Reached skill level 1 in Charms
  6180 | D:6      | Reached skill level 1 in Invocations
  6190 | D:6      | Found a glowing silver altar of Zin.
  6210 | D:6      | Reached skill level 1 in Evocations
  6445 | D:6      | Got a bloodstained long sword
  6530 | D:6      | Identified the cursed +0 long sword of the Walnut {slice,
                  | MP+9} (You found it on level 6 of the Dungeon)
  6965 | D:6      | Slain by an orc warrior

Vault maps used:
D:1:      scummos_arrival_forest, minmay_pentomino_t4
D:2:      nemelex_xobeh_ov_fountains_minmay, minmay_small_reverse_x
D:3:      minitemple, first_ration, roderic_batcave,
          chequers_serial_rivers_room_a
D:4:      uniq_crazy_yiuf_cottage
D:5:      cheibrodos_barr_body, temple_green
D:6:      kennysheep_mini

Skill      XL: |  1  2  3  4  5  6  7  8 |
---------------+-------------------------+-----
Ice Magic      | 4 5 6 |  6.0
Fighting       | 4 |  4.0
Dodging        | 5 6 |  6.0
Spellcasting   | 4 6 |  6.3
Conjurations   | 1 |  1.9
Charms         | 2 |  2.1
Invocations    | 2 |  2.1
Evocations     | 1 |  1.9
Stealth        | |  2.1

Action                   |  1- 3 |  4- 6 |  7- 9 || total
-------------------------+-------+-------+-------++-------
Melee: Short sword       |    49 |   112 |       ||   161
       Dagger            |       |     8 |   237 ||   245
Throw: Stone             |     1 |     1 |     2 ||     4
 Cast: Freeze            |    21 |    65 |    39 ||   125
       Ozocubu's Armour  |       |     4 |     8 ||    12
       Throw Frost       |       |       |     9 ||     9
  Use: Scroll            |       |     6 |     6 ||    12
       Potion            |       |       |     5 ||     5
 Stab: Sleeping          |     6 |     8 |     4 ||    18
  Eat: Chunk             |     1 |    10 |    11 ||    22
Armor: Robe              |    11 |    32 |    43 ||    86
Dodge: Dodged            |    45 |   118 |   160 ||   323

Table legend:
 A = Non-vault XP
 B = Vault XP
 C = Vault XP percentage of total XP
 D = Non-vault monster count
 E = Vault monster count
 F = Vault count percentage of total count
                 A         B        C        D         E       F
            +---------+---------+-------+---------+---------+-------
      Total |    1635 |     606 |  27.0 |     129 |      28 |  17.8
            +---------+---------+-------+---------+---------+-------
        D:1 |      30 |       7 |  18.9 |      18 |       3 |  14.3
        D:2 |     173 |       5 |   2.8 |      36 |       4 |  10.0
        D:3 |     100 |     173 |  63.4 |      28 |       9 |  24.3
        D:4 |     208 |       0 |   0.0 |       8 |       0 |   0.0
        D:5 |     465 |     421 |  47.5 |      23 |      12 |  34.3
        D:6 |     659 |       0 |   0.0 |      16 |       0 |   0.0
            +---------+---------+-------+---------+---------+-------
